[Event "Team 45 45 League T45"]
[Site "Internet Chess Club"]
[Date "2010.07.06"]
[Round "9"]
[White "Pablito15"]
[Black "BrandonBee"]
[Result "1-0"]
[WhiteElo "1622"]
[BlackElo "1541"]
[Opening "Sicilian: Kan, Maróczy bind (Réti variation)"]
[ECO "B41"]
[Time "13:30:33"]
[TimeControl "2700+45"]

1. e4 c5 2. Nf3 e6 3. d4 cxd4 4. Nxd4 a6 5. c4 Nf6 6. Nc3 Qc7 7. a3 b6 8. Be2
Bb7 9. Qd3 Nc6 10. Nxc6 dxc6 11. f4 Rd8 12. Qg3 g6 13. O-O c5 14. Bf3 Rd3 15.
Qf2 h5 16. Qe2 Qd8 17. Be3 Bh6 18. Rad1 Rxd1 19. Rxd1 Qc7 20. e5 Ng8 21. Bxb7
Qxb7 22. Qd3 Qc7 23. Ne4 Ne7 24. Nd6+ Kf8 25. b4 Kg7 26. bxc5 bxc5 27. g3 Nc8
28. Ne4 Kh7 29. Qd7 Qxd7 30. Rxd7 Nb6 31. Rxf7+ Kg8 32. Ra7 Bg7 33. Rxa6 Nxc4
34. Bxc5 Kh7 35. Rxe6 Ra8 36. Ng5+ Kg8 37. Rxg6 Kh8 38. Ne6 Bxe5 39. fxe5 Nxe5
40. Rh6+ Kg8 41. Rxh5 Nc4 42. Nc7 Ra5 43. Rg5+ Kf7 44. h4 Nd2 45. Rf5+ Kg6 46.
g4 Ne4 47. h5+ Kh7 48. Bb4 Rxf5 49. gxf5 Ng3 50. f6 Kg8 51. h6 Nf5 52. h7+
{Black resigns} 1-0

[Event "Team 45 45 League T45"]
[Site "Internet Chess Club"]
[Date "2010.07.04"]
[Round "9"]
[White "MaartenKoning"]
[Black "vnchess"]
[Result "1/2-1/2"]
[WhiteElo "2278"]
[BlackElo "2300"]
[Opening "Sicilian: accelerated fianchetto, Maróczy bind"]
[ECO "B36"]
[Time "01:34:08"]
[TimeControl "2700+45"]

1. e4 c5 2. Nf3 g6 3. d4 cxd4 4. Nxd4 Nc6 5. c4 Nf6 6. Nc3 d6 7. Nc2 Bg7 8. Be2
O-O 9. O-O Nd7 10. Bd2 a5 11. Na3 Nc5 12. Nab5 Nd4 13. Nxd4 Bxd4 14. Bh6 Bxc3
15. bxc3 Re8 16. f3 a4 17. Qd2 Qa5 18. Rab1 Be6 19. Qd4 f6 20. f4 Qc7 21. f5 Bf7
22. fxg6 hxg6 23. Rf3 Ra5 24. Rg3 Nd7 25. Be3 Re5 26. Bf4 Rc5 27. Qf2 Ne5 28.
Rh3 g5 29. Be3 Rxc4 30. Bxc4 Qxc4 31. Rxb7 Qxe4 32. Rb4 Qd5 33. Rd4 Qb5 34. Rb4
Qd3 35. Bd4 Qd1+ 36. Qf1 Qc2 37. a3 Rc8 38. Re3 Bh5 39. Qb1 Bg6 40. Qxc2 Bxc2
41. Bxe5 dxe5 42. c4 Kf7 43. Rc3 Bb3 44. c5 f5 45. c6 Ke6 46. c7 Kd6 47. Rb8 Kd7
48. Rxc8 Kxc8 49. h3 e4 50. g3 f4 51. h4 gxh4 52. gxf4 h3 53. Rxh3 Kxc7 54. Kf2
Kd6 55. Ke3 Bd5 56. Kd4 e6 57. Rh6 Ke7 58. f5 Kf7 59. fxe6+ Bxe6 60. Kxe4 Bb3
61. Ke5 Bc2 62. Kd6 Bb3 63. Kd7 Bc2 64. Rh4 Kf6 65. Kd6 Kf5 66. Kd5 Bb3+ 67. Kd6
Bc2 68. Rd4 Bb3 69. Kc5 Ke5 70. Rd6 Ba2 71. Ra6 Bb3 72. Ra8 Ke4 73. Re8+ Kd3 74.
Rd8+ Kc3 75. Rh8 Kd3 76. Rh4 Ke3 77. Kb5 Kd3 78. Kb4 Bc2 79. Kb5 Bb3 80. Kc5 Ke3
81. Kb4 Kd3 82. Rg4 Bc2 83. Rc4 Bb3 84. Rc7 Kd4 85. Rd7+ Ke4 86. Kc5 Ke3 87.
Re7+ Kd3 88. Kb4 Kd4 89. Re1 Kd3 90. Re8 Kd4 91. Rd8+ Ke4 92. Kc3 Ke5 93. Rd4
Ke6 94. Kd3 Ke5 95. Rd8 Bd1 96. Kc4 Bb3+ 97. Kc5 Ke4 98. Re8+ Kd3 99. Kb4 Kd4
100. Rd8+ Ke5 101. Kc3 Ke4 102. Rd4+ Ke5 103. Rd8 Ke4 {Game drawn by mutual
agreement} 1/2-1/2

[Event "Team 45 45 League T45"]
[Site "Internet Chess Club"]
[Date "2010.07.03"]
[Round "9"]
[White "pestka"]
[Black "Paulkov"]
[Result "1/2-1/2"]
[WhiteElo "2230"]
[BlackElo "2246"]
[Opening "King's Indian: orthodox, Aronin-Taimanov, bayonet attack"]
[ECO "E97"]
[Time "15:40:57"]
[TimeControl "2700+45"]

1. d4 d6 2. c4 Nf6 3. Nc3 g6 4. e4 Bg7 5. Be2 O-O 6. Nf3 e5 7. O-O Nc6 8. d5 Ne7
9. b4 Ne8 10. c5 f5 11. Nd2 f4 12. a4 g5 13. Ba3 Ng6 14. Bg4 Bxg4 15. Qxg4 h6
16. a5 Nf6 17. Qe6+ Kh7 18. cxd6 Re8 19. Qf7 cxd6 20. Qxb7 Re7 21. Qa6 Rc7 22.
Rfc1 f3 23. Nxf3 Nf4 24. Qf1 Rac8 25. Nb5 Rc2 26. Rxc2 Rxc2 27. Ne1 {Game drawn
by mutual agreement} 1/2-1/2

[Event "Team 45 45 League T45"]
[Site "Internet Chess Club"]
[Date "2010.07.03"]
[Round "9"]
[White "nb"]
[Black "SlimeDog2"]
[Result "1/2-1/2"]
[WhiteElo "2107"]
[BlackElo "2183"]
[Opening "Neo-Grünfeld, 5.cd"]
[ECO "D71"]
[Time "14:05:35"]
[TimeControl "2700+45"]

1. d4 Nf6 2. c4 g6 3. g3 Bg7 4. Bg2 d5 5. cxd5 Nxd5 6. Nf3 Nb6 7. Nc3 Nc6 8. e3
O-O 9. O-O Re8 10. Re1 h6 11. h3 e5 12. d5 Na5 13. e4 c6 14. a4 cxd5 15. exd5
Bd7 16. Nd2 Rc8 17. Rb1 Nac4 18. b3 Nxd2 19. Bxd2 f5 20. a5 Na8 21. b4 e4 22.
Rc1 Nc7 23. Be3 Na6 24. Qb3 Qe7 25. Na2 Bf8 26. Bf1 Ra8 27. b5 Nb8 28. Rc3 Bg7
29. Rc7 Qd6 30. Rec1 a6 31. b6 Be5 32. Bxh6 Qf6 33. Bf4 Bxf4 34. gxf4 Qd6 35.
Qg3 Kf7 36. Nc3 Kf6 37. Qg5+ Kg7 38. Qg3 Kf6 39. Qe3 Qb4 40. Na2 Qxa5 41. Qd4+
Kf7 42. Bc4 Kg8 43. d6+ Kh7 44. Qf6 e3 45. Be6 exf2+ 46. Kg2 Qe1 47. Bg8+ Kxg8
48. Qxg6+ Kf8 49. Qf6+ Kg8 50. Qg6+ Kf8 51. Qf6+ Kg8 52. Qg6+ {Game drawn by
repetition} 1/2-1/2

[Event "Team 45 45 League T45"]
[Site "Internet Chess Club"]
[Date "2010.07.04"]
[Round "9"]
[White "Tamarin"]
[Black "SCUGrad"]
[Result "1-0"]
[WhiteElo "1711"]
[BlackElo "1480"]
[Opening "QGD: 3...Nf6"]
[ECO "D35"]
[Time "22:15:12"]
[TimeControl "2700+45"]

1. d4 d5 2. c4 e6 3. Nc3 Nf6 4. e3 Be7 5. Nf3 O-O 6. Bd2 b6 7. Bd3 dxc4 8. Bxc4
Bb7 9. Rc1 c5 10. dxc5 Bxc5 11. Na4 Be7 12. Be2 Na6 13. O-O Qd7 14. b3 Rac8 15.
Bc3 Qxd1 16. Rfxd1 b5 17. Bxb5 Nc7 18. Bxf6 Bxf6 19. Bd7 Nd5 20. Bxc8 Bxc8 21.
e4 Nf4 22. Rc7 {Black resigns} 1-0

[Event "Team 45 45 League T45"]
[Site "Internet Chess Club"]
[Date "2010.07.02"]
[Round "9"]
[White "AlPearson"]
[Black "megarook"]
[Result "0-1"]
[WhiteElo "1491"]
[BlackElo "1438"]
[Opening "English opening"]
[ECO "A20"]
[Time "18:11:55"]
[TimeControl "2700+45"]

1. c4 e5 2. g3 Nc6 3. Bg2 d6 4. Nc3 Nf6 5. a3 Be6 6. Nd5 Bxd5 7. cxd5 Nd4 8.
Qa4+ Qd7 9. Qxd7+ Nxd7 10. b4 Nc2+ 11. Kd1 Nxa1 12. Bb2 Nb3 13. Kc2 Nd4+ 14. Kb1
Nb6 15. e3 Nf5 16. g4 Ne7 17. d4 exd4 18. Bxd4 Nbxd5 19. h4 a5 20. b5 c5 21. Ba1
Rb8 22. g5 Nb6 23. h5 Nc4 24. Ka2 d5 25. h6 Rg8 26. hxg7 Bxg7 27. Ne2 Bxa1 28.
Kxa1 Rxg5 29. Nf4 h5 30. Ka2 a4 31. Bf3 Nd6 32. Bxh5 Nxb5 33. Bf3 Rd8 34. Rh6
Nd6 35. Nxd5 Nxd5 36. Rh8+ Ke7 37. Rh7 b5 38. Bh5 Rg2 39. Kb1 Nf6 40. Rh6 Nxh5
41. Rxh5 Rxf2 42. Rxc5 Rh8 43. Rc1 Nc4 44. e4 Rhh2 45. Ka1 Ra2+ 46. Kb1 Nxa3#
{White checkmated} 0-1

[Event "Team 45 45 League T45"]
[Site "Internet Chess Club"]
[Date "2010.07.04"]
[Round "9"]
[White "sdcohle"]
[Black "TheronUAL"]
[Result "1/2-1/2"]
[WhiteElo "1375"]
[BlackElo "1469"]
[Opening "QGD Slav: 3.Nf3"]
[ECO "D11"]
[Time "22:00:07"]
[TimeControl "2700+45"]

1. d4 d5 2. c4 c6 3. Nf3 Nf6 4. Bg5 Nbd7 5. e3 h6 6. Bxf6 Nxf6 7. Nc3 e6 8. Bd3
Bb4 9. O-O Bd6 10. Rc1 O-O 11. cxd5 exd5 12. Re1 Bg4 13. h3 Bh5 14. Be2 Bg6 15.
Bd3 Bh5 16. Be2 Re8 17. Nh4 Bxe2 18. Qxe2 Bb4 19. Nf3 Qa5 20. a3 Bd6 21. Qc2
Rac8 22. e4 dxe4 23. Nxe4 Nxe4 24. Rxe4 Rxe4 25. Qxe4 Qd8 26. Qc2 Qd7 27. b4 a6
28. Nd2 Bf4 29. Rd1 Qxd4 30. Nc4 Qa7 31. Qf5 Qb8 32. Nb6 Re8 33. g3 Bxg3 34.
fxg3 Qxg3+ 35. Kf1 Qh2 36. Qf3 Re6 37. Rd8+ Kh7 38. Nd7 Qc2 39. Nf8+ Kg8 40.
Nxe6+ Kh7 41. Nd4 Qc1+ 42. Kg2 Qg5+ 43. Kf2 Qxd8 44. Qf5+ Kh8 45. Nf3 Qb6+ 46.
Kg3 Qc7+ 47. Kg2 Qe7 48. Kg3 Qd6+ 49. Kg2 Qe7 50. Kg3 Qd6+ 51. Kg2 Qe7 52. Kg3
Qd6+ 53. Kg2 Qe7 54. Kg3 Qc7+ 55. Kg4 Qe7 56. Kg3 Qd6+ 57. Kg4 g6 58. Qe5+ Qxe5
59. Nxe5 Kg7 60. h4 Kf6 61. Nd7+ Ke7 62. Nc5 b5 63. Nxa6 Kd6 64. Nc5 Ke5 65.
Nd7+ Ke4 66. Nb8 f5+ 67. Kg3 Ke3 68. Nxc6 f4+ 69. Kg2 g5 70. hxg5 hxg5 71. Ne5
Ke4 72. Nf3 g4 73. Nd2+ Kd3 74. Nf1 Ke2 75. Nh2 f3+ 76. Kg1 g3 77. Nf1 f2+ 78.
Kg2 Ke1 79. Nxg3 Kd2 80. Kxf2 Kc2 81. Ne4 Kb3 82. Nd6 Kxa3 83. Nxb5+ Kxb4 {Game
drawn because neither player has mating material} 1/2-1/2

[Event "Team 45 45 League T45"]
[Site "Internet Chess Club"]
[Date "2010.07.03"]
[Round "9"]
[White "AtomicDog"]
[Black "MateIn42"]
[Result "1/2-1/2"]
[WhiteElo "1511"]
[BlackElo "1436"]
[Opening "Petrov: classical attack"]
[ECO "C42"]
[Time "11:00:08"]
[TimeControl "2700+45"]

1. e4 e5 2. Nf3 Nf6 3. Nxe5 d6 4. Nf3 Nxe4 5. d4 d5 6. Bd3 Bg4 7. O-O Be7 8. Nc3
f5 9. Be2 Nxc3 10. bxc3 Bxf3 11. Bxf3 O-O 12. a4 c6 13. Bf4 Nd7 14. Qd3 Bg5 15.
Bd6 Rf6 16. Bb4 Re6 17. Qxf5 Qf6 18. Qd3 Rae8 19. Bg4 Ne5 20. dxe5 Rxe5 21. c4
Re4 22. Qf3 Rxc4 23. Rab1 Rxc2 24. Qxf6 Bxf6 25. Bd7 Re7 26. Bf5 Rce2 27. Bxe7
Rxe7 28. Rfe1 Rc7 29. Re8+ Kf7 30. Rbe1 c5 31. Rc8 Rxc8 32. Bxc8 b6 33. Be6+ Ke7
34. Bxd5+ Kd6 35. Bc4 a5 36. Re6+ Kc7 37. Kf1 Bd4 38. Ke2 h6 39. f4 Bf6 40. f5
Bd4 41. g4 Bf6 42. Kf3 Bg5 43. Rg6 Bf6 44. h3 Be5 45. Re6 Bf6 46. Ke4 Bg5 47.
Kd5 Bf6 48. Bb5 Bd4 49. Re7+ Kd8 50. Rb7 Kc8 51. Rxb6 c4 52. Kxc4 Bxb6 53. Kd5
Kc7 54. Ke6 Bd4 55. Kd5 Bf6 56. Ke4 Kd6 57. Kf4 Kd5 58. Kg3 Ke5 59. h4 Ke4 60.
Bc6+ Ke3 61. Be8 Be5+ 62. Kh3 Kf4 63. Bg6 Bf6 64. Be8 Be7 {Game drawn by mutual
agreement} 1/2-1/2

[Event "Team 45 45 League T45"]
[Site "Internet Chess Club"]
[Date "2010.07.02"]
[Round "9"]
[White "beerss"]
[Black "ryan2chess"]
[Result "0-1"]
[WhiteElo "1393"]
[BlackElo "1651"]
[Opening "Bird's opening"]
[ECO "A03"]
[Time "20:02:46"]
[TimeControl "2700+45"]

1. f4 d5 2. e3 Nf6 3. Nf3 Bg4 4. Be2 Nc6 5. Bb5 Bd7 6. Bxc6 Bxc6 7. Ne5 Bb5 8.
d3 e6 9. O-O Bc5 10. b3 O-O 11. Qe1 Nd7 12. Bb2 f6 13. Ng4 Nb6 14. Nd2 Qe7 15.
Kh1 a5 16. Rf3 a4 17. Rh3 f5 18. Ne5 axb3 19. Nxb3 Bb4 20. Qd1 Nd7 21. Qh5 Nf6
22. Qd1 Nd7 23. Nxd7 Bxd7 24. Nd2 Ba3 25. Be5 Bd6 26. Nf3 Bxe5 27. Nxe5 Be8 28.
c3 Ra3 29. Qe1 Qf6 30. d4 b6 31. Qc1 Ra5 32. Qe1 c5 33. a3 Qe7 34. Qc1 cxd4 35.
cxd4 Qa7 36. Rg3 b5 37. Nc6 Bxc6 38. Qxc6 Qe7 39. Qc1 Rfa8 40. h3 Rxa3 41. Rxa3
Rxa3 42. Qc8+ Kf7 43. Qb8 b4 44. Qe5 Ra1+ 45. Kh2 Qf8 46. Qc7+ Kg8 47. Qb6 Qe7
48. Rf3 Ra7 49. Rf2 Rb7 50. Qa5 h6 51. Rb2 Kh7 52. Qa4 Qd6 53. g3 Qb6 54. h4 Qb5
55. Qc2 b3 56. Qc8 Rb6 57. Qc7 Rc6 58. Rxb3 Qe2+ 59. Kh3 Rxc7 60. Ra3 Qg4+ 61.
Kg2 Rc2+ 62. Kf1 Qd1# {White checkmated} 0-1

[Event "Team 45 45 League T45"]
[Site "Internet Chess Club"]
[Date "2010.07.04"]
[Round "9"]
[White "rook9999"]
[Black "moreffee"]
[Result "1-0"]
[WhiteElo "1646"]
[BlackElo "1211"]
[Opening "Sicilian: Najdorf, Lipnitzky attack"]
[ECO "B86"]
[Time "14:00:05"]
[TimeControl "2700+45"]

1. e4 c5 2. Nf3 d6 3. d4 cxd4 4. Nxd4 a6 5. Nc3 Nf6 6. Bc4 e6 7. O-O Be7 8. Re1
O-O 9. Be3 Nbd7 10. Bxe6 Nc5 11. Bxc8 Rxc8 12. Bg5 Re8 13. Nf5 Rc6 14. e5 dxe5
15. Qxd8 Bxd8 16. f4 Ne6 17. Bxf6 gxf6 18. fxe5 fxe5 19. Rxe5 Bf6 20. Re3 Kf8
21. Rd1 Rec8 22. Nd5 Bd8 23. c3 f6 24. Nb4 Bb6 25. Nd4 Rd6 26. Kf1 Nxd4 27. cxd4
Rcd8 28. Red3 Rxd4 29. Rxd4 Rxd4 30. Rxd4 Bxd4 31. b3 Kf7 32. Ke2 Ke6 33. Kf3
Be5 34. h3 Kd6 35. Ke4 Kc5 36. Nd3+ Kd6 37. Nxe5 fxe5 38. g4 Ke6 39. h4 h6 40.
g5 h5 41. g6 Kf6 42. g7 Kxg7 43. Kxe5 Kg6 44. a3 b6 45. a4 a5 46. Ke6 Kg7 47.
Kd6 Kf6 48. Kc6 Kf5 49. Kxb6 Kg4 50. Kxa5 Kxh4 51. b4 Kg3 52. b5 h4 53. b6 h3
54. b7 h2 55. b8=Q+ Kg2 56. Qxh2+ Kxh2 57. Kb6 {Black resigns} 1-0

[Event "Team 45 45 League T45"]
[Site "Internet Chess Club"]
[Date "2010.06.30"]
[Round "9"]
[White "chips"]
[Black "mmf00"]
[Result "0-1"]
[WhiteElo "1214"]
[BlackElo "1551"]
[Opening "Polish (Sokolsky) opening"]
[ECO "A00"]
[Time "20:17:02"]
[TimeControl "2700+45"]

1. b4 e5 2. Bb2 Bxb4 3. Bxe5 Nf6 4. Bc3 Bxc3 5. Nxc3 d5 6. d3 c6 7. Nf3 Bf5 8.
e3 Nbd7 9. Qd2 O-O 10. Be2 Qc7 11. O-O Rfe8 12. d4 Rad8 13. Bd3 Bxd3 14. Qxd3
Nb6 15. h3 Nc4 16. a4 h6 17. Ne2 Ne4 18. Rfe1 Qa5 19. Reb1 Qc7 20. Rb4 b6 21.
Rab1 Re7 22. c3 Rde8 23. Rf1 Qd7 24. Nc1 Re6 25. Rb1 Rg6 26. g4 Rf6 27. Kg2 Rxf3
28. Kxf3 Ned2+ 29. Ke2 Nxf1 30. Kxf1 Qe6 31. Ke2 Qd6 32. Qf5 Qh2 33. Qf3 Rxe3+
34. Qxe3 Nxe3 35. Nd3 Nc4 36. Nb4 Qxh3 37. Nxc6 Qxg4+ 38. f3 Qe6+ {White
resigns} 0-1